 Dungeon Crawl Stone Soup version 0.31-a0-233-g139696dc86 (webtiles) character file.

Game seed: 11713296951822713731

414353 zazu2006 the Crack Shot (level 23, -1/203 HPs)
             Began as a Gnoll Wanderer on July 9, 2023.
             Was the Champion of Vehumet.
             Slain by a starcursed mass (9 damage)
             ... while paralysed by accursed screaming
             ... on level 4 of the Abyss on July 10, 2023.
             The game lasted 04:31:34 (63873 turns).

zazu2006 the Crack Shot (Gnoll Wanderer)           Turns: 63873, Time: 04:31:35

Health: -1/203     AC: 25    Str: 26    XL:     23   Next: 57%
Magic:  52/52      EV:  2    Int: 16    God:    Vehumet [******]
Gold:   3894       SH:  0    Dex: 13    Spells: 16/54 levels left

rFire   . . .        k - +8 morningstar of Disembowelment {venom, rC+ Str+5}
rCold   + + .        g - +2 kite shield {AC+3}
rNeg    + . .        O - +0 swamp dragon scales
rPois   +            o - +1 helmet of Undesirable Species {Will+ Int+2}
rElec   +            y - +2 cloak {Will+}
rCorr   +            M - +0 pair of gloves of Relativism {Rampage Will+ Dex+2 Slay+2}
SInv    +            v - +0 pair of boots "Tiehyrche" {Rampage rN+ SInv}
Will    +++++        h - amulet of the Five Moons {Regen+ MP+9}
Stlth   ++++++       r - ring "Givausub" {rC+ Str+6}
HPRegen 1.33/turn    z - ring "Editwiu" {rElec rF++ rCorr MP+9 Int-2}
MPRegen 0.33/turn

%: random rage (9%), rampage
@: paralysed, about to teleport, studying Ranged Weapons, unable to read
A: fangs 1, strong nose, distributed training, claws 1, strong-willed 1, robust
1, inability to drink after injury 1, [berserk 2], [clumsy 2], [low MP 2], [heat
vulnerability 2], [inability to read after injury 2]
}: 2/15 runes: decaying, gossamer
a: Renounce Religion


You were on level 4 of the Abyss.
You worshipped Vehumet.
Vehumet was exalted by your worship.
You visited 8 branches of the dungeon, and saw 39 of its levels.
You visited the Abyss 3 times.
You also visited: Trove, Bailey and Ice Cave.

You collected 4864 gold pieces.
You spent 970 gold pieces at shops.

Inventory:

Hand Weapons
 k - the +8 morningstar of Disembowelment (weapon) {venom, rC+ Str+5}
   (You found it on level 6 of the Dungeon)

   Str:       It affects your strength (+5).
   rC:        It protects you from cold.
 q - a +0 double sword of holy wrath
 U - a +0 scimitar of flaming
Armour
 g - a +2 kite shield of protection (worn)
 o - the +1 helmet of Undesirable Species (worn) {Will+ Int+2}
   (You acquired it in a bailey)

   Int:       It affects your intelligence (+2).
   Will:      It increases your willpower.
 v - the +0 pair of boots "Tiehyrche" (worn) {Rampage rN+ SInv}
   (You acquired it in a bailey)

   rN:        It protects you from negative energy.
   SInv:      It lets you see invisible.
   Rampage:   It bestows one free step when moving towards enemies.
 y - a +2 cloak of willpower (worn)
 B - a +0 kite shield of reflection
 M - the +0 pair of gloves of Relativism (worn) {Rampage Will+ Dex+2 Slay+2}
   (You found it on level 3 of the Elven Halls)

   Dex:       It affects your dexterity (+2).
   Slay:      It affects your accuracy & damage with ranged weapons and melee
   (+2).
   Rampage:   It bestows one free step when moving towards enemies.
   Will:      It increases your willpower.
 O - +0 swamp dragon scales (worn)
Jewellery
 h - the amulet of the Five Moons (around neck) {Regen+ MP+9}
   (You found it on level 4 of the Lair of Beasts)

   [amulet of regeneration]

   MP:        It affects your magic capacity (+9).
   Regen:     It increases your rate of health regeneration.
 r - the ring "Givausub" (left hand) {rC+ Str+6}
   (You acquired it on level 7 of the Dungeon)

   [ring of strength]

   Str:       It affects your strength (+6).
   rC:        It protects you from cold.
 t - a ring of positive energy
 w - a +4 ring of protection
 z - the ring "Editwiu" (right hand) {rElec rF++ rCorr MP+9 Int-2}
   (You found it on level 4 of the Lair of Beasts)

   [ring of magical power]

   Int:       It affects your intelligence (-2).
   rF:        It greatly protects you from fire.
   rElec:     It insulates you from electricity.
   MP:        It affects your magic capacity (+9).
   rCorr:     It protects you from acid and corrosion.
 E - an amulet of magic regeneration
 G - a ring of flight
 V - the ring "Raw Teth" {Contam rPois rF++ rN+ rCorr}
   (You found it on level 3 of the Lair of Beasts)

   [ring of resist corrosion]

   rF:        It greatly protects you from fire.
   rPois:     It protects you from poison.
   rN:        It protects you from negative energy.
   Contam:    It causes magical contamination when unequipped.
   rCorr:     It protects you from acid and corrosion.
Wands
 u - a wand of charming (4)
 H - a wand of light (9)
 P - a wand of mindburst (6)
 W - a wand of roots (36)
 Z - a wand of digging (10)
Scrolls
 c - 8 scrolls of fog
 i - a scroll of enchant weapon
 m - 7 scrolls of butterflies
 n - a scroll of blinking
 s - 15 scrolls of identify
 C - 12 scrolls of revelation
 F - a scroll of poison
Potions
 a - 16 potions of curing
 d - a potion of experience
 e - 12 potions of haste
 f - a potion of enlightenment
 j - a potion of lignification
 p - a potion of brilliance
 x - 4 potions of resistance
 A - a potion of mutation
 J - 2 potions of might
 K - 2 potions of cancellation
 L - 5 potions of ambrosia
 Q - a potion of invisibility
 R - 2 potions of heal wounds
Miscellaneous
 b - a box of beasts
 D - a phial of floods


   Skills:
 + Level 16.5 Fighting
 + Level 16.3 Short Blades
 + Level 16.3 Long Blades
 + Level 16.3 Axes
 + Level 16.3 Maces & Flails
 + Level 16.3 Polearms
 + Level 16.9 Staves
 + Level 22.2 Ranged Weapons
 + Level 16.3 Throwing
 + Level 16.3 Armour
 + Level 18.9 Dodging
 + Level 16.3 Stealth
 + Level 16.3 Shields
 + Level 16.3 Unarmed Combat
 + Level 16.3 Spellcasting
 + Level 13.9 Conjurations
 + Level 13.9 Hexes
 + Level 13.9 Summonings
 + Level 13.9 Necromancy
 + Level 13.9 Translocations
 + Level 13.9 Transmutations
 + Level 13.9 Fire Magic
 + Level 13.9 Ice Magic
 + Level 13.9 Air Magic
 + Level 13.9 Earth Magic
 + Level 13.9 Poison Magic
 + Level 17.8 Invocations
 + Level 16.5 Evocations


You had 16 spell levels left.
You knew the following spells:

 Your Spells              Type           Power      Damage    Failure   Level
a - Foxfire               Conj/Fire      100%       2x1d9     1%          1
b - Sticky Flame          Conj/Fire      55%        2d7       1%          4
c - Fireball              Conj/Fire      27%        3d12      1%          5
d - Freezing Cloud        Conj/Ice/Air   27%        6-21      1%          5
e - Leda's Unmaking       Conj/Erth      27%        9d5       1%          6
f - Mephitic Cloud        Conj/Pois/Air  55%        N/A       1%          3
g - Iskenderun's Battles  Conj           55%        2d11      1%          5
h - Airstrike             Air            27%        2d(4-20)  1%          4
i - Alistair's Intoxicat  Tmut/Pois      36%        N/A       1%          5

Your spell library contained the following spells:

 Spells                   Type           Power      Damage    Failure   Level
 Maxwell's Capacitive Co  Air            27%        ∞         41%         8
 Fire Storm               Conj/Fire      27%        8d7       99%         9
 Apportation              Tloc           100%       N/A       1%          1
 Beastly Appendage        Tmut           100%       N/A       1%          1
 Freeze                   Ice            100%       1d10      1%          1
 Magic Dart               Conj           100%       1d8       1%          1
 Sandblast                Erth           100%       2d20      1%          1
 Shock                    Conj/Air       100%       1d9       1%          1
 Slow                     Hex            100%       N/A       1%          1
 Summon Small Mammal      Summ           100%       N/A       1%          1
 Blink                    Tloc           100%       N/A       1%          2
 Lesser Beckoning         Tloc           100%       N/A       1%          2
 Momentum Strike          Conj/Tloc      100%       3d10      1%          2
 Passwall                 Tmut/Erth      45%        N/A       1%          2
 Poisonous Vapours        Pois/Air       100%       N/A       1%          2
 Searing Ray              Conj           100%       2d8       1%          2
 Static Discharge         Conj/Air       100%       2-7/arc   1%          2
 Sublimation of Blood     Necr           55%        N/A       1%          2
 Wereblood                Tmut           55%        N/A       1%          2
 Call Canine Familiar     Summ           55%        N/A       1%          3
 Confusing Touch          Hex            55%        N/A       1%          3
 Frozen Ramparts          Ice            100%       1d16      1%          3
 Gell's Gravitas          Tloc           55%        N/A       1%          3
 Hailstorm                Conj/Ice       55%        3d12      1%          3
 Ozocubu's Armour         Ice            55%        N/A       1%          3
 Portal Projectile        Hex/Tloc       100%       N/A       1%          3
 Spider Form              Tmut/Pois      55%        N/A       1%          3
 Summon Guardian Golem    Hex/Summ       55%        N/A       1%          3
 Teleport Other           Tloc           55%        N/A       1%          3
 Tukima's Dance           Hex            55%        N/A       1%          3
 Vampiric Draining        Necr           55%        2d9       1%          3
 Vhi's Electric Charge    Tloc/Air       100%       N/A       1%          3
 Anguish                  Hex/Necr       27%        N/A       1%          4
 Animate Dead             Necr           55%        N/A       1%          4
 Cause Fear               Hex            27%        N/A       1%          4
 Fulminant Prism          Conj/Hex       27%        3d14      1%          4
 Ice Form                 Ice/Tmut       55%        N/A       1%          4
 Leda's Liquefaction      Hex/Erth       27%        N/A       1%          4
 Passage of Golubria      Tloc           55%        N/A       1%          4
 Petrify                  Tmut/Erth      55%        N/A       1%          4
 Summon Ice Beast         Ice/Summ       55%        N/A       1%          4
 Summon Lightning Spire   Summ/Air       55%        N/A       1%          4
 Arcjolt                  Conj/Air       27%        1d37      1%          5
 Blade Hands              Tmut           27%        N/A       1%          5
 Borgnjor's Vile Clutch   Necr/Erth      27%        N/A       1%          5
 Irradiate                Conj/Tmut      27%        3d20      1%          5
 Lee's Rapid Deconstruct  Erth           27%        3d15*     1%          5
 Metabolic Englaciation   Hex/Ice        27%        N/A       1%          5
 Silence                  Hex/Air        27%        N/A       1%          5
 Summon Forest            Summ/Tloc      27%        N/A       1%          5
 Summon Mana Viper        Hex/Summ       55%        N/A       1%          5
 Yara's Violent Unravell  Hex/Tmut       27%        3d12      1%          5
 Eringya's Noxious Bog    Tmut/Pois      27%        4d6       1%          6
 Plasma Beam              Fire/Air       27%        2x1d40    1%          6
 Starburst                Conj/Fire      27%        6d9       1%          6
 Death Channel            Necr           27%        N/A       4%          6
 Simulacrum               Ice/Necr       27%        N/A       4%          6
 Statue Form              Tmut/Erth      36%        N/A       4%          6
 Summon Cactus Giant      Summ           27%        N/A       4%          6
 Ozocubu's Refrigeration  Ice            27%        4d13      7%          7
 Dragon Form              Tmut           27%        N/A       24%         7
 Enfeeble                 Hex            27%        N/A       24%         7
 Monstrous Menagerie      Summ           27%        N/A       24%         7
 Lehudib's Crystal Spear  Conj/Erth      27%        10d7      41%         8
 Chain Lightning          Conj/Air       27%        3d36      99%         9
 Polar Vortex             Ice            27%        12d3*     99%         9
 Dragon's Call            Summ           27%        N/A       100%        9


Dungeon Overview and Level Annotations

Branches:
Dungeon (15/15)            Temple (1/1) D:6            Lair (5/5) D:8
  Swamp (4/4) Lair:3       Spider (4/4) Lair:3        Slime (0/5) Lair:5
    Orc (2/2) D:10            Elf (3/3) Orc:2        Vaults (4/5) D:13
  Crypt (0/3) Vaults:3     Depths (0/4) D:15         Bailey (visited)
  IceCv (visited)

Altars:
Ashenzari
Cheibriados
Dithmenos
Elyvilon
Fedhas
Gozag
Hepliaklqana
Kikubaaqudgha
Makhleb
Nemelex Xobeh
Okawaru
Qazlal
Ru
Sif Muna
Trog
Uskayaw
Vehumet
Wu Jian
Xom
Yredelemnul
Zin
The Shining One
Jiyva

Shops:
D:7 ?   D:13 [:!   Orc:2 (*[*   Elf:1 =[([   Elf:2 =   Elf:3 :   Vaults:2 (

Annotations:
D:12 Snorg
Orc:1 1 runed translucent door, AwFulAwFulPlayer's ghost, journeyman TrMo
Elf:1 3 runed translucent doors, Teqapn's ghost, veteran FoMo


Innate Abilities, Weirdness & Mutations

You have very sharp teeth.
Your uncanny sense of smell can sniff out nearby items.
Your experience applies equally to all skills.
You have sharp fingernails.
You are strong-willed. (Will+)
You are robust. (+10% HP)
You occasionally lose the ability to drink potions when taking damage.
[You have an uncontrollable temper.]
[You are very clumsy. (Dex -4)]
[Your magical capacity is very low. (-20% MP)]
[You are very vulnerable to heat. (rF--)]
[You sometimes lose the ability to read scrolls when taking damage.]


Message History

You feel the power of the Abyss delaying your translocation!
You block the starcursed mass's attack. The starcursed mass barely misses you.
You block the starcursed mass's attack.
The tentacled starspawn barely misses you.
The tentacled starspawn tentacle-slaps you!
You bludgeon the wretched star!!
You destroy the wretched star!
Vehumet accepts your kill.
You block the starcursed mass's attack. x2
The starcursed mass completely misses you.
The starcursed mass touches you.
A cacophony of accursed wailing tears at your sanity!
You suddenly lose the ability to move!
The tentacled starspawn bites you!!
The tentacled starspawn tentacle-slaps you but does no damage.
The starcursed mass touches you but does no damage.
The starcursed mass touches you!
* * * LOW HITPOINT WARNING * * *
The wretched star pulses with an eldritch light!
You occasionally lose the ability to read scrolls when taking damage.
You lose the ability to read scrolls when taking damage more often.
A cacophony of accursed wailing tears at your sanity!
* * * LOW HITPOINT WARNING * * *
You shrug off the repeated paralysis!
The starcursed mass touches you but does no damage.
The starcursed mass touches you.
* * * LOW HITPOINT WARNING * * *
The starcursed mass touches you but does no damage.
The tentacled starspawn bites you!
You feel threatened and lose the ability to read scrolls!
* * * LOW HITPOINT WARNING * * *
The tentacled starspawn tentacle-slaps you.
* * * LOW HITPOINT WARNING * * *
A starcursed mass splits.
The starcursed mass touches you!
* * * LOW HITPOINT WARNING * * *
The starcursed mass touches you but does no damage.
A cacophony of accursed wailing tears at your sanity!
* * * LOW HITPOINT WARNING * * *
The starcursed mass completely misses you.
The starcursed mass touches you!
You die...

#.# #.....## #
. #..# .## .#
#.#. ...# ...
.#.. .
#...####.##
#### #.. ..
#...####..####
# ##.. ###.#
#......### #.#
.#.
#.'#XX..XX...
#.#.
..##.X@##...X
. .... .


#.wXXXX.# # ####..##.<#XXX..# .. .#..#\*....... .#.#.##. #w....#.. ..# #.
.....## . # ## ..##... ... .... .. ## You could see 11 starcursed masses, a
tentacled starspawn, a wretched star and 2 starspawn tentacles.

Vanquished Creatures
  Bai Suzhen (Swamp:2)
  Nikola (Swamp:4)
  A deep elf blademaster (Elf:3)
  2 deep elf master archers (Elf:3)
  2 sphinxes (Vaults:1)
  2 tengu reavers
  4 tentacled starspawn (Abyss:3)
  4 thorn hunters
  2 shadow dragons
  Roxanne (Spider:4)
  Donald (Swamp:4)
  A fenstrider witch (Swamp:2)
  A fire giant (Vaults:1)
  12 deep elf sorcerers
  A frost giant (Vaults:4)
  21 vault wardens
  Aizul (Swamp:3)
  A balrug (Abyss:3)
  11 deep elf elementalists (Elf:3)
  4 ghost moths
  6 emperor scorpions
  5 orc warlords
  4 broodmothers (Spider:3)
  20 ironbound preservers
  2 stone giants (Vaults:4)
  3 formless jellyfish
  A very ugly thing (Vaults:4)
  A starflower (Abyss:3)
  11 ironbound thunderhulks
  2 vampire knights (Swamp:4)
  7 deep elf demonologists
  An eleionoma (Swamp:1)
  6 deep elf annihilators
  9 dire elephants
  6 bunyips
  A blizzard demon (Abyss:3)
  7 yaktaur captains
  2 entropy weavers (shapeshifter)
  5 entropy weavers
  8 deep elf death magi
  10 great orbs of eyes
  20 hydras
  An ice dragon (D:13)
  2 deep elf high priests (Elf:3)
  2 shambling mangroves
  A spriggan zombie (Abyss:3)
  36 vault guards
  2 jorogumos (Spider:4)
  4 ogre magi (Orc:2)
  Erolcha (D:12)
  14 ironbound frosthearts
  A death knight (D:12)
  5 catoblepae
  7 boulder beetles
  A ghost crab (Swamp:2)
  25 dancing weapons
  17 two-headed ogres
  7 alligators
  2 naga warriors (Abyss:3)
  3 hell hogs (Abyss:3)
  10 death yaks
  3 tengu warriors
  3 orc high priests
  4 thrashing horrors (Abyss:3)
  8 demonic crawlers
  Sonja (Lair:5)
  2 wretched stars
  3 hell knights (Abyss:3)
  12 deep elf knights
  A skyshark (Lair:3)
  Amaemon (D:9)
  7 goliath frogs
  4 sun moths
  40 deep trolls
  4 pharaoh ants
  A death drake (Swamp:4)
  The ghost of Shard1697 the Twirler, a novice DjRe (D:9)
  8 spriggan druids
  8 orb spiders
  A flayed ghost (Swamp:4)
  2 glowing orange brains
  12 swamp dragons
  2 phantasmal warriors
  8 steelbarb worms
  3 spectral hydras (Swamp:4)
  4 necromancers
  3 spectral wolf spiders (Spider:2)
  4 bog bodies
  15 deep elf archers
  10 lindwurms
  A lindwurm (shapeshifter) (Abyss:3)
  35 deep elf zephyrmancers
  13 ironbound convokers
  5 harpies (Vaults:1)
  16 orc knights
  10 wizards
  34 deep elf pyromancers
  8 wolf spider zombies (Spider:2)
  27 ugly things
  25 wolf spiders
  8 will-o-the-wisps
  4 oklob plants
  6 orc sorcerers
  8 cyclopes
  A moth of wrath (Spider:4)
  8 manticores
  4 elephants (Lair:5)
  Joseph (D:8)
  2 black mambas
  A salamander (D:14)
  23 vault sentinels
  An elephant (shapeshifter) (D:15)
  2 water nymphs (Abyss:3)
  2 water nymphs (shapeshifter)
  2 gargoyles
  A guardian serpent (Abyss:3)
  3 torpor snails
  2 ice statues
  An eye of devastation (Abyss:3)
  14 cane toads
  An orange demon (D:9)
  Maggie (D:8)
  A centaur skeleton (Abyss:3)
  6 rime drakes
  14 komodo dragons
  2 unseen horrors
  A kobold demonologist (D:10)
  2 efreet
  4 freezing wraiths
  43 yaktaurs
  A red devil (Abyss:3)
  An ancient zyme (Abyss:3)
  6 hydra zombies
  A death drake zombie (Swamp:4)
  12 meliai
  9 tyrant leeches
  6 trolls
  37 tarantellas
  11 polar bears
  4 wolf spider simulacra (Spider:2)
  A polar bear (shapeshifter) (D:13)
  19 hornets
  8 blink frogs
  4 raiju (Abyss:3)
  A death drake skeleton (Swamp:4)
  8 dream sheep
  4 flying skulls (Abyss:3)
  25 slime creatures
  36 jumping spiders
  2 ynoxinuls (Abyss:3)
  2 shadows
  16 culicivoras
  25 spriggans
  2 air elementals (Elf:1)
  4 large abominations (Abyss:3)
  5 water elementals
  48 yaks
  2 wyverns
  4 fire elementals
  2 wraiths (D:13)
  A redback (shapeshifter) (Vaults:3)
  2 steam dragons (D:8)
  A chaos spawn (Abyss:3)
  A golden eye (Abyss:3)
  9 basilisks
  A neqoxec (Abyss:3)
  Grum (D:8)
  55 redbacks
  10 vampire mosquitoes
  20 swamp worms
  3 hydra simulacra (Swamp:4)
  Edmund (D:5)
  7 wargs
  A swamp worm (shapeshifter) (D:14)
  A naga (Abyss:3)
  An acid dragon (D:6)
  10 water moccasins
  A floating eye (shapeshifter) (Abyss:3)
  5 swamp drakes
  6 black bears
  24 orc warriors
  A swamp dragon zombie (Swamp:4)
  24 ogres
  7 boggarts
  31 wolves
  14 starcursed masses (Abyss:3)
  5 centaurs
  5 phantoms
  4 kobold brigands
  5 bullfrogs
  An earth elemental (Elf:1)
  A gnoll sergeant (D:11)
  2 scorpions
  15 wights
  A killer bee (D:9)
  10 electric eels
  A howler monkey (D:8)
  A quasit (Abyss:3)
  2 jellies
  9 hounds
  2 gnoll boudas
  9 orc priests
  An iron imp (Abyss:3)
  An iguana (D:7)
  A hell rat (Lair:5)
  20 orc wizards
  3 small abominations (Abyss:3)
  17 gnolls
  6 adders
  A shadow imp (D:6)
  12 white imps (Lair:1)
  3 ufetubi
  A dart slug (D:4)
  66 orcs
  4 bats
  3 endoplasms
  5 giant cockroaches
  10 goblins
  6 hobgoblins
  6 jackals
  2 quokkas (D:1)
  6 ball pythons
  A frilled lizard (D:1)
  30 kobolds
  3 rats
  2 starspawn tentacles (Abyss:3)
1697 creatures vanquished.

Vanquished Creatures (collateral kills)
  A will-o-the-wisp (Swamp:2)
  A jumping spider (Spider:4)
2 creatures vanquished.

Vanquished Creatures (others)
  A spark wasp (Spider:2)
  A deep elf knight (Elf:2)
  A lindwurm (Vaults:4)
  A deep elf pyromancer (Elf:3)
  A worldbinder (Abyss:3)
  2 bloated husks (Swamp:1)
  A ynoxinul (Abyss:3)
  A small abomination (Abyss:3)
  A kobold brigand (D:9)
  3 starcursed masses (Abyss:3)
  2 orc wizards (Orc:1)
  927 foxfires
  6 starspawn tentacles (Abyss:3)
948 creatures vanquished.

Grand Total: 2647 creatures vanquished

Notes
Turn   | Place    | Note
-------+----------+-------------------------------------------
     0 | D:1      | Reached skill level 10 in Dodging
     0 | D:1      | zazu2006 the Gnoll Wanderer began the quest for the Orb.
     0 | D:1      | zazu2006 set off with the following items: a +0
                  | quarterstaff, a +2 leather armour, 2 scrolls of fog.
     0 | D:1      | Reached XP level 1. HP: 17/17 MP: 2/2
   108 | D:1      | Reached XP level 2. HP: 23/23 MP: 3/3
   627 | D:2      | Reached XP level 3. HP: 28/28 MP: 4/4
   827 | D:2      | Found a faded altar of an unknown god.
  1095 | D:2      | Reached skill level 1 in Short Blades
  1095 | D:2      | Reached skill level 1 in Long Blades
  1095 | D:2      | Reached skill level 1 in Axes
  1095 | D:2      | Reached skill level 1 in Maces & Flails
  1095 | D:2      | Reached skill level 1 in Polearms
  1095 | D:2      | Reached skill level 1 in Ranged Weapons
  1095 | D:2      | Reached skill level 1 in Throwing
  1095 | D:2      | Reached skill level 1 in Armour
  1095 | D:2      | Reached skill level 1 in Stealth
  1095 | D:2      | Reached skill level 1 in Shields
  1095 | D:2      | Reached skill level 1 in Unarmed Combat
  1095 | D:2      | Reached skill level 1 in Spellcasting
  1298 | D:3      | Reached XP level 4. HP: 34/34 MP: 6/6
  1434 | D:3      | Found a blossoming altar of Fedhas.
  1868 | D:3      | Learned a level 1 spell: Foxfire
  2007 | D:4      | Reached skill level 1 in Conjurations
  2007 | D:4      | Reached skill level 1 in Hexes
  2007 | D:4      | Reached skill level 1 in Summonings
  2007 | D:4      | Reached skill level 1 in Necromancy
  2007 | D:4      | Reached skill level 1 in Translocations
  2007 | D:4      | Reached skill level 1 in Transmutations
  2007 | D:4      | Reached skill level 1 in Fire Magic
  2007 | D:4      | Reached skill level 1 in Ice Magic
  2007 | D:4      | Reached skill level 1 in Air Magic
  2007 | D:4      | Reached skill level 1 in Earth Magic
  2007 | D:4      | Reached skill level 1 in Poison Magic
  2007 | D:4      | Reached XP level 5. HP: 32/40 MP: 2/7
  2080 | D:4      | Noticed an orc warrior
  2323 | D:4      | Noticed an ogre
  2338 | D:4      | Killed an ogre
  2516 | D:4      | Reached XP level 6. HP: 47/47 MP: 6/8
  2563 | D:4      | Noticed a black bear
  2591 | D:4      | Killed a black bear
  2592 | D:4      | Reached skill level 5 in Staves
  2592 | D:4      | Reached skill level 2 in Ranged Weapons
  2927 | D:5      | Entered Level 5 of the Dungeon
  2947 | D:5      | Reached XP level 7. HP: 44/52 MP: 7/10
  3080 | D:5      | Found a basalt altar of Yredelemnul.
  3429 | D:5      | Reached skill level 3 in Ranged Weapons
  3502 | D:5      | Found a shadowy altar of Dithmenos.
  3502 | D:5      | Found a snail-covered altar of Cheibriados.
  3510 | D:5      | Found a faded altar of an unknown god.
  3512 | D:5      | Found a faded altar of an unknown god.
  3514 | D:5      | Found an opulent altar of Gozag.
  3560 | D:5      | Found a hazy altar of Hepliaklqana.
  3677 | D:5      | Found an ancient bone altar of Kikubaaqudgha.
  3812 | D:5      | Noticed Edmund
  3848 | D:5      | Killed Edmund
  4229 | D:4      | Reached XP level 8. HP: 47/60 MP: 7/12
  4386 | D:4      | Identified the +0 scale mail of Lugonu's Inspiration {rCorr
                  | Dex+4}
  4815 | D:6      | Reached skill level 4 in Ranged Weapons
  5075 | D:6      | HP: 1/60 [acid dragon (4)]
  5356 | D:6      | Identified the +8 morningstar of Disembowelment {venom, rC+
                  | Str+5}
  5399 | D:6      | Found a broken altar of Ashenzari.
  5418 | D:6      | Found a hide-covered altar of Uskayaw.
  5546 | D:6      | Found a staircase to the Ecumenical Temple.
  5638 | Temple   | Entered the Ecumenical Temple
  5662 | Temple   | Became a worshipper of Vehumet
  6063 | D:7      | Noticed a cyclops
  6076 | D:7      | Killed a cyclops
  6077 | D:7      | Reached skill level 5 in Ranged Weapons
  6077 | D:7      | Reached skill level 5 in Invocations
  6077 | D:7      | Reached XP level 9. HP: 48/67 MP: 6/15
  6406 | D:7      | Reached skill level 5 in Fighting
  6406 | D:7      | Reached skill level 5 in Evocations
  6478 | D:7      | Found Rozeav's Magic Scroll Emporium.
  6481 | D:7      | Bought a scroll of identify for 28 gold pieces
  6481 | D:7      | Bought a scroll of identify for 28 gold pieces
  6481 | D:7      | Identified a scroll of acquirement
  6484 | D:7      | Acquired the ring "Givausub" {rC+ Str+6}
  6554 | D:7      | Found an ornate altar of the Wu Jian Council.
  6947 | D:8      | Reached skill level 6 in Ranged Weapons
  6955 | D:8      | Noticed a troll
  7045 | D:8      | Found a staircase to the Lair.
  7238 | D:8      | Noticed Joseph
  7240 | D:8      | Reached * piety under Vehumet
  7240 | D:8      | Offered knowledge of Kiss of Death by Vehumet.
  7257 | D:8      | Killed a troll
  7265 | D:8      | Killed Joseph
  7269 | D:9      | Noticed a hornet
  7491 | D:8      | Noticed Maggie
  7505 | D:8      | Killed Maggie
  7506 | D:8      | Reached skill level 5 in Short Blades
  7506 | D:8      | Reached skill level 5 in Long Blades
  7506 | D:8      | Reached skill level 5 in Axes
  7506 | D:8      | Reached skill level 5 in Maces & Flails
  7506 | D:8      | Reached skill level 5 in Polearms
  7506 | D:8      | Reached skill level 5 in Throwing
  7506 | D:8      | Reached skill level 5 in Armour
  7506 | D:8      | Reached skill level 5 in Stealth
  7506 | D:8      | Reached skill level 5 in Shields
  7506 | D:8      | Reached skill level 5 in Unarmed Combat
  7506 | D:8      | Reached skill level 5 in Spellcasting
  7506 | D:8      | Reached XP level 10. HP: 76/76 MP: 17/17
  7608 | D:8      | Reached skill level 7 in Ranged Weapons
  8108 | D:8      | Offered knowledge of Shock by Vehumet.
  8220 | D:8      | Noticed Grum
  8367 | D:8      | Killed Grum
  8367 | D:8      | Reached ** piety under Vehumet
  8569 | D:9      | Noticed Amaemon
  9008 | D:9      | Noticed Shard1697's ghost (novice DjRe)
  9008 | D:9      | Noticed a boulder beetle
  9013 | D:9      | Found a runed translucent gate.
  9013 | D:9      | Found a runed translucent gate.
  9014 | D:9      | Found a runed translucent gate.
  9027 | D:9      | Reached skill level 8 in Ranged Weapons
  9067 | D:9      | Noticed an orange demon
  9197 | D:9      | Paralysed by a hornet for 3 turns
  9615 | D:9      | Reached skill level 5 in Conjurations
  9615 | D:9      | Reached skill level 5 in Hexes
  9615 | D:9      | Reached skill level 5 in Summonings
  9615 | D:9      | Reached skill level 5 in Necromancy
  9615 | D:9      | Reached skill level 5 in Translocations
  9615 | D:9      | Reached skill level 5 in Transmutations
  9615 | D:9      | Reached skill level 5 in Fire Magic
  9615 | D:9      | Reached skill level 5 in Ice Magic
  9615 | D:9      | Reached skill level 5 in Air Magic
  9615 | D:9      | Reached skill level 5 in Earth Magic
  9615 | D:9      | Reached skill level 5 in Poison Magic
  9618 | D:9      | Reached XP level 11. HP: 74/83 MP: 20/20
  9836 | D:9      | Killed Amaemon
 10076 | D:10     | Entered Level 10 of the Dungeon
 10183 | D:10     | Noticed a two-headed ogre
 10202 | D:10     | Offered knowledge of Momentum Strike by Vehumet.
 10217 | D:10     | Found a flagged portal.
 10232 | Bailey   | Entered a bailey
 10265 | Bailey   | Noticed an orc warlord
 10474 | Bailey   | Found a runed translucent gate.
 10477 | Bailey   | Found a runed translucent gate.
 10479 | Bailey   | Found a runed translucent gate.
 10594 | Bailey   | Acquired the +1 helmet of Undesirable Species {Will+ Int+2}
 10674 | Bailey   | Killed an orc warlord
 10674 | Bailey   | Reached *** piety under Vehumet
 10675 | Bailey   | Reached skill level 9 in Ranged Weapons
 10700 | Bailey   | Got the Parchment of Bedrock
 10711 | Bailey   | Acquired the +0 pair of boots "Tiehyrche" {Rampage rN+
                  | SInv}
 11026 | D:10     | Killed a two-headed ogre
 11127 | D:10     | Offered knowledge of Flame Wave by Vehumet.
 11150 | D:10     | HP: 1/84 [yak (13)]
 11414 | D:10     | Found a staircase to the Orcish Mines.
 11659 | D:11     | Noticed a manticore
 11664 | D:11     | Killed a manticore
 11799 | D:11     | Noticed a manticore
 11806 | D:11     | Killed a manticore
 12097 | D:11     | Reached **** piety under Vehumet
 12098 | D:11     | Reached XP level 12. HP: 78/91 MP: 22/22
 12392 | D:12     | Reached skill level 10 in Ranged Weapons
 12399 | D:12     | Noticed Erolcha
 12407 | D:12     | Killed Erolcha
 12448 | D:12     | Offered knowledge of Sticky Flame by Vehumet.
 12530 | D:12     | Learned a level 4 spell: Sticky Flame
 12991 | D:12     | Noticed Snorg
 13011 | D:12     | Learned a level 5 spell: Fireball
 13150 | D:12     | Noticed a death knight
 13176 | D:11     | HP: 4/92 [poisoned by you (poison gas)]
 13491 | Orc:1    | Entered Level 1 of the Orcish Mines
 13491 | Orc:1    | Noticed a deep elf knight
 13501 | Orc:1    | Noticed an orc high priest
 13502 | Orc:1    | Noticed an orc warlord
 13575 | Lair:1   | Entered Level 1 of the Lair of Beasts
 13625 | Lair:1   | Found a frozen archway.
 13634 | IceCv    | Entered an ice cave
 13824 | IceCv    | Noticed a death yak
 13840 | IceCv    | Killed a death yak
 14061 | IceCv    | Noticed a death yak
 14080 | IceCv    | Killed a death yak
 14141 | IceCv    | Noticed a death yak
 14154 | IceCv    | Noticed a death yak
 14158 | IceCv    | Killed a death yak
 14159 | IceCv    | Reached skill level 11 in Ranged Weapons
 14168 | IceCv    | Killed a death yak
 14567 | IceCv    | Noticed a death yak
 14590 | IceCv    | Killed a death yak
 14702 | IceCv    | Reached XP level 13. HP: 94/99 MP: 25/25
 15270 | IceCv    | Noticed a frost giant
 15558 | IceCv    | Gained mutation: You have sharp fingernails. [potion of
                  | mutation]
 15558 | IceCv    | Gained mutation: You are strong-willed. (Will+) [potion of
                  | mutation]
 15673 | Lair:1   | Reached ***** piety under Vehumet
 15673 | Lair:1   | Offered knowledge of Conjure Ball Lightning by Vehumet.
 16198 | Lair:1   | Identified the +9 rapier of Skirmishing {protect, Str+4}
 16848 | Lair:2   | Reached skill level 12 in Ranged Weapons
 17189 | Lair:2   | Identified the +1 scale mail of the Butcher {rElec rF-
                  | rCorr Dex+3}
 17337 | Lair:2   | Reached skill level 10 in Invocations
 17521 | Lair:3   | Identified the ring "Raw Teth" {Contam rPois rF++ rN+
                  | rCorr}
 17543 | Lair:2   | Reached skill level 10 in Staves
 18967 | D:13     | Found Cuzoawops's Armour Boutique.
 18977 | D:13     | Found Afaodoy's Book Shoppe.
 19214 | D:13     | Reached XP level 14. HP: 34/108 MP: 27/27
 19603 | D:13     | Found Maumm's Distillery.
 19606 | D:13     | Bought a potion of heal wounds for 70 gold pieces
 19606 | D:13     | Bought a potion of heal wounds for 70 gold pieces
 19606 | D:13     | Bought a potion of curing for 42 gold pieces
 20420 | D:13     | Offered knowledge of Freezing Cloud by Vehumet.
 21210 | D:9      | Killed Shard1697's ghost
 21211 | D:9      | Reached skill level 13 in Ranged Weapons
 21423 | D:10     | Killed an orc warlord
 21964 | D:10     | Learned a level 5 spell: Freezing Cloud
 22097 | Orc:1    | Reached skill level 10 in Fighting
 22097 | Orc:1    | Reached skill level 10 in Evocations
 22491 | Orc:2    | Entered Level 2 of the Orcish Mines
 22859 | Orc:1    | You fall into a shaft and drop 1 floor!
 23202 | Orc:1    | Found a runed translucent door.
 23515 | Orc:1    | Noticed AwFulAwFulPlayer's ghost (journeyman TrMo)
 23517 | Orc:1    | Found the +3 pair of mountain boots {steadfast, rC+}
 23546 | Orc:2    | Found a staircase to the Elven Halls.
 23737 | Orc:2    | Offered knowledge of Lee's Rapid Deconstruction by Vehumet.
 24082 | Orc:2    | Reached skill level 10 in Short Blades
 24082 | Orc:2    | Reached skill level 10 in Long Blades
 24082 | Orc:2    | Reached skill level 10 in Axes
 24082 | Orc:2    | Reached skill level 10 in Maces & Flails
 24082 | Orc:2    | Reached skill level 10 in Polearms
 24082 | Orc:2    | Reached skill level 10 in Throwing
 24082 | Orc:2    | Reached skill level 10 in Armour
 24082 | Orc:2    | Reached skill level 10 in Stealth
 24082 | Orc:2    | Reached skill level 10 in Shields
 24082 | Orc:2    | Reached skill level 10 in Unarmed Combat
 24082 | Orc:2    | Reached skill level 10 in Spellcasting
 24394 | Orc:2    | Reached XP level 15. HP: 99/117 MP: 19/29
 24685 | Orc:2    | Reached skill level 14 in Ranged Weapons
 24791 | Orc:2    | Found Misaog's Antique Armour Shop.
 24791 | Orc:2    | Found Oqaah's Weapon Emporium.
 24791 | Orc:2    | Found Qishitzo's Assorted Antiques.
 24791 | Orc:2    | Found Zuat's Assorted Antiques.
 24853 | Orc:2    | Bought a potion of heal wounds for 130 gold pieces
 24853 | Orc:2    | Bought a potion of heal wounds for 130 gold pieces
 24853 | Orc:2    | Bought a scroll of identify for 52 gold pieces
 25484 | Lair:3   | Found a hole to the Spider Nest.
 25688 | Lair:3   | You fall into a shaft and drop 2 floors!
 25688 | Lair:5   | Entered Level 5 of the Lair of Beasts
 26399 | Lair:5   | Found a viscous altar of Jiyva.
 26399 | Lair:5   | Found a staircase to the Slime Pits.
 26545 | Lair:5   | Noticed Sonja
 26559 | Lair:5   | Killed Sonja
 27344 | Lair:5   | Offered knowledge of Leda's Unmaking by Vehumet.
 27352 | Lair:5   | Learned a level 6 spell: Leda's Unmaking
 29668 | Lair:3   | Found a staircase to the Swamp.
 30605 | D:13     | Found a gate to the Vaults.
 30848 | D:13     | Reached XP level 16. HP: 69/125 MP: 24/30
 31126 | D:14     | Reached skill level 15 in Ranged Weapons
 32500 | D:15     | Entered Level 15 of the Dungeon
 32572 | D:14     | a death yak changed into an azure jelly
 32572 | D:14     | Noticed an azure jelly (glowing shapeshifter)
 32573 | D:14     | an azure jelly changed into a frost giant
 32581 | D:14     | Noticed a shadow dragon
 32584 | D:14     | a shadow dragon changed into an iron dragon
 32589 | D:14     | an iron dragon changed into an iron giant
 32589 | D:14     | Noticed an iron giant (glowing shapeshifter)
 32597 | D:14     | an iron giant changed into an iron dragon
 32598 | D:14     | an iron dragon changed into an acid blob
 32598 | D:14     | Noticed an acid blob (glowing shapeshifter)
 32930 | Lair:4   | Got the Anthology of Conflagration and Fumes
 32931 | Lair:4   | Identified the amulet of the Five Moons {Regen+ MP+9}
 32937 | Lair:4   | Identified the ring "Editwiu" {rElec rF++ rCorr MP+9 Int-2}
 33185 | Elf:1    | Entered Level 1 of the Elven Halls
 33208 | Elf:1    | Learned a level 3 spell: Mephitic Cloud
 33257 | Elf:1    | Reached skill level 15 in Dodging
 33302 | Elf:1    | Found a runed translucent gate.
 33303 | Elf:1    | Found a runed translucent gate.
 33436 | Elf:1    | Offered knowledge of Iskenderun's Battlesphere by Vehumet.
 33477 | Elf:1    | Paralysed by an air elemental for 1 turns
 33513 | Elf:1    | Found Naoffeegg's Jewellery Shop.
 33515 | Elf:1    | Found Anijy's Antique Weapon Boutique.
 33515 | Elf:1    | Found Tuyn's Armour Shop.
 33518 | Elf:1    | Found Hyivvugy's Antique Armour Boutique.
 33644 | Elf:1    | Paralysed by an air elemental for 1 turns
 33652 | Elf:1    | Paralysed by an air elemental for 1 turns
 33948 | Elf:1    | Found a runed translucent gate.
 34280 | Elf:1    | Noticed Teqapn's ghost (veteran FoMo)
 34423 | Elf:2    | Identified the +11 chain mail "Ijetir" {rElec rN+ SInv
                  | Stlth-}
 34966 | Elf:2    | Found a huge runed translucent gate.
 34966 | Elf:2    | Found a huge runed translucent gate.
 34966 | Elf:2    | Found a huge runed translucent gate.
 34966 | Elf:2    | Found a huge runed translucent gate.
 34966 | Elf:2    | Found a huge runed translucent gate.
 35010 | Elf:2    | Reached skill level 16 in Ranged Weapons
 35025 | Elf:2    | Learned a level 5 spell: Iskenderun's Battlesphere
 35030 | Elf:2    | Learned a level 4 spell: Airstrike
 35058 | Elf:2    | Found Kosesh's Jewellery Emporium.
 35080 | Elf:2    | Reached XP level 17. HP: 122/133 MP: 31/32
 35510 | Elf:2    | Reached skill level 10 in Conjurations
 35510 | Elf:2    | Reached skill level 10 in Hexes
 35510 | Elf:2    | Reached skill level 10 in Summonings
 35510 | Elf:2    | Reached skill level 10 in Necromancy
 35510 | Elf:2    | Reached skill level 10 in Translocations
 35510 | Elf:2    | Reached skill level 10 in Transmutations
 35510 | Elf:2    | Reached skill level 10 in Fire Magic
 35510 | Elf:2    | Reached skill level 10 in Ice Magic
 35510 | Elf:2    | Reached skill level 10 in Air Magic
 35510 | Elf:2    | Reached skill level 10 in Earth Magic
 35510 | Elf:2    | Reached skill level 10 in Poison Magic
 36130 | D:15     | Found a staircase to the Depths.
 36375 | D:15     | Offered knowledge of Spellforged Servitor by Vehumet.
 36464 | D:15     | Found a sacrificial altar of Ru.
 37109 | Spider:1 | Entered Level 1 of the Spider Nest
 37727 | Spider:1 | You fall into a shaft and drop 1 floor!
 38087 | Spider:1 | Offered knowledge of Ignition by Vehumet.
 39226 | Spider:2 | Reached skill level 17 in Ranged Weapons
 39459 | Spider:2 | Reached XP level 18. HP: 113/142 MP: 34/34
 40810 | Spider:3 | Reached ****** piety under Vehumet
 41188 | Spider:4 | Entered Level 4 of the Spider Nest
 41649 | Spider:4 | Offered knowledge of Fire Storm by Vehumet.
 41649 | Spider:4 | Offered knowledge of Chain Lightning by Vehumet.
 41649 | Spider:4 | Offered knowledge of Maxwell's Capacitive Coupling by
                  | Vehumet.
 42690 | Spider:4 | Noticed Roxanne
 43380 | Spider:4 | Identified the +3 hat of the Planets {rPois rN+ Str+5
                  | Stlth-}
 43420 | Spider:4 | Got a gossamer rune of Zot
 43735 | Spider:4 | Killed Roxanne
 43736 | Spider:4 | Reached skill level 18 in Ranged Weapons
 44110 | Swamp:1  | Entered Level 1 of the Swamp
 44559 | Swamp:1  | Reached XP level 19. HP: 67/150 MP: 36/36
 45894 | D:7      | Bought a scroll of teleportation for 42 gold pieces
 45894 | D:7      | Bought a scroll of fear for 56 gold pieces
 45894 | D:7      | Bought a scroll of fear for 56 gold pieces
 46120 | Swamp:3  | Noticed Bai Suzhen
 46437 | Vaults:1 | Entered Level 1 of the Vaults
 47068 | Vaults:1 | Reached skill level 15 in Invocations
 47292 | Vaults:1 | Identified the ring "Kayggurgh" {rF- Will+++ MP+9 Dex+4
                  | Stlth+}
 47452 | Vaults:1 | Found a portal to a secret trove of treasure.
 48043 | Vaults:1 | Reached skill level 19 in Ranged Weapons
 48339 | Vaults:1 | Reached XP level 20. HP: 159/159 MP: 37/37
 49667 | Vaults:2 | Found Uplepn's Antique Weapon Shoppe.
 51301 | Vaults:3 | Reached skill level 15 in Staves
 51325 | Vaults:3 | Identified the +5 quarterstaff of Plague {venom, *Rage rN+
                  | Str+2 Int+3}
 52322 | Vaults:3 | Reached XP level 21. HP: 136/167 MP: 39/39
 52801 | Vaults:3 | Got Nieden's Lectures on the Barrage
 52830 | Vaults:3 | Reached skill level 20 in Ranged Weapons
 53033 | Vaults:3 | Found a staircase to the Crypt.
 53584 | Vaults:4 | Reached skill level 15 in Fighting
 53584 | Vaults:4 | Reached skill level 15 in Evocations
 53637 | Vaults:4 | HP: 8/168 [vault warden/+1 broad axe (7)]
 53643 | Abyss:2  | Cast into level 2 of the Abyss (ghostly orc warlord)
 53685 | Abyss:3  | Found a corrupted altar of Lugonu.
 54004 | Vaults:4 | Escaped the Abyss
 54775 | Vaults:1 | You paid a toll of a +4 demon trident to enter a treasure
                  | trove
 54776 | Trove    | Entered a treasure trove
 54798 | Trove    | Found the +8 Wrath of Trog {antimagic, *Rage Rampage}
 55324 | Elf:2    | Reached skill level 15 in Short Blades
 55324 | Elf:2    | Reached skill level 15 in Long Blades
 55324 | Elf:2    | Reached skill level 15 in Axes
 55324 | Elf:2    | Reached skill level 15 in Maces & Flails
 55324 | Elf:2    | Reached skill level 15 in Polearms
 55324 | Elf:2    | Reached skill level 15 in Throwing
 55324 | Elf:2    | Reached skill level 15 in Armour
 55324 | Elf:2    | Reached skill level 15 in Stealth
 55324 | Elf:2    | Reached skill level 15 in Shields
 55324 | Elf:2    | Reached skill level 15 in Unarmed Combat
 55324 | Elf:2    | Reached skill level 15 in Spellcasting
 55917 | Elf:3    | Entered Level 3 of the Elven Halls
 55917 | Elf:3    | Found Fiameh's Book Shop.
 56107 | Elf:3    | Found a shimmering blue altar of Sif Muna.
 56698 | Elf:3    | Identified the +7 flail of a Labyrinth {freeze, Str+3}
 56870 | Elf:3    | Reached XP level 22. HP: 175/176 MP: 41/41
 56963 | Elf:3    | Identified the staff of the Ancients {Int+4 Conj}
 57095 | Elf:3    | Reached skill level 21 in Ranged Weapons
 57112 | Elf:3    | Identified the +1 broad axe of the Ship {antimagic, rF- rC+
                  | rN+ Str+7}
 57152 | Elf:3    | Gained mutation: You are robust. (+10% HP) [a neqoxec]
 57282 | Elf:3    | Identified the +7 sling of Qoych {drain, rF+ rC+}
 57375 | Elf:3    | Identified the +0 leather armour of the Midnight Sun {rF++
                  | rN++ Int-2}
 57455 | Elf:3    | Identified the +0 pair of gloves of Relativism {Rampage
                  | Will+ Dex+2 Slay+2}
 57464 | Elf:3    | Got the Teachings on Quantum Vapour
 57744 | Elf:1    | Bought a pair of dazzling boots for 266 gold pieces
 57744 | Elf:1    | Identified the +0 pair of boots of Uskayaw {rPois rN+} (You
                  | bought it in a shop on level 1 of the Elven Halls)
 58132 | Swamp:2  | Killed Bai Suzhen
 58380 | Swamp:3  | Noticed Aizul
 58604 | Swamp:3  | Killed Aizul
 58880 | Swamp:4  | Entered Level 4 of the Swamp
 59025 | Swamp:4  | Noticed Donald
 59276 | Swamp:4  | Noticed Nikola
 59289 | Swamp:4  | Killed Nikola
 59414 | Swamp:4  | Killed Donald
 60054 | Swamp:4  | Identified the +6 chain mail of Weirdness {Fly Regen+}
 60299 | Swamp:4  | Found a blossoming altar of Fedhas.
 60478 | Swamp:4  | Found a basalt altar of Yredelemnul.
 60491 | Swamp:4  | Got a decaying rune of Zot
 61388 | Vaults:4 | Reached XP level 23. HP: 172/202 MP: 42/42
 62345 | Vaults:5 | Entered Level 5 of the Vaults
 62383 | Vaults:4 | Learned a level 5 spell: Alistair's Intoxication
 62388 | Abyss:3  | Found a corrupted altar of Lugonu.
 62388 | Abyss:3  | Cast into level 3 of the Abyss (vault guard)
 62427 | Abyss:3  | Found a corrupted altar of Lugonu.
 62883 | Abyss:3  | Found a corrupted altar of Lugonu.
 62945 | Abyss:3  | Gained mutation: You occasionally lose the ability to drink
                  | potions when taking damage. [a neqoxec]
 63011 | Abyss:3  | Reached skill level 22 in Ranged Weapons
 63012 | Vaults:4 | Escaped the Abyss
 63565 | Abyss:3  | Cast into level 3 of the Abyss (vault guard)
 63750 | Abyss:3  | Paralysed by accursed screaming for 1 turns
 63767 | Abyss:3  | Paralysed by accursed screaming for 1 turns
 63833 | Abyss:4  | Found a corrupted altar of Lugonu.
 63871 | Abyss:4  | Paralysed by accursed screaming for 2 turns
 63873 | Abyss:4  | HP: 8/203 [starcursed mass/accursed screaming (9)]
 63873 | Abyss:4  | Slain by a starcursed mass

Illustrated notes

Levels and vault maps discovered:
D:1:      tarquinn_simple_flora_water_d, layout_basic, hangedman_decor_points
D:2:      layout_basic, ebering_ecumenical_altar_box, kennysheep_another_room,
          minivault_19, guppyfry_early_lair_pool
D:3:      layout_basic, mainiacjoe_overflow_boulevard
D:4:      layout_basic, minmay_manual_mail
D:5:      layout_basic, mainiacjoe_overflow_surrounded_room,
          yredelemnul_altar_generic, mainiacjoe_overflow_brackets,
          chequers_temple_overflow_minitemple, uniq_edmund
D:6:      layout_basic, lemuel_tele_altar, mainiacjoe_overflow_24_doors,
          temple_hall_moat, dreamdust_wishing_well, roderic_lattice_a,
          nicolae_the_louvre
D:7:      layout_rooms, nicolae_wu_jian_immortal_techniques, serial_shops,
          nicolae_shop_rolled_up
D:8:      layout_loops_ring, erik_lair_island, dk_noncrumbling_2, uniq_maggie,
          uniq_grum, uniq_joseph
D:9:      layout_cave_pods, gammafunk_ghost_split, uniq_amaemon
D:10:     layout_big_octagon, hiddenorc1_lemuel, enter_bailey_2
D:11:     layout_roguey, minivault_1
D:12:     layout_irregular_city, uniq_snorg, uniq_erolcha
D:13:     layout_irregular_city, david_vaults_4, serial_shops,
          kennysheep_mini_moat, nicolae_book_shop_shelving, shop
D:14:     layout_basic
D:15:     hangedman_depths_entry_try_elsewhere_first, layout_irregular_city,
          nicolae_ru_path_of_blood, lightli_fourway_metalbox
Temple:   hellmonk_temple_two_chambers
Lair:1:   layout_regular_city, portal_ice_cave_entry_imps,
          chequers_serial_rivers_room_a, serial_bayou_shore_a,
          infiniplex_staircase_pool, wad_woods_river_01
Lair:2:   layout_roguey
Lair:3:   layout_misc_corridors, skrybe_swamp_entry_bodies,
          spider_nest_entry_rubble
Lair:4:   statuecave_lemuel, layout_cave_pods, grunt_megastairs_3
Lair:5:   minmay_lair_end_enchanted_forest, layout_hall_layers, slime_entry_1,
          grunt_megastairs_1, uniq_sonja
Swamp:1:  layout_basic_swamp, evilmike_swamp_ruin_house_1
Swamp:2:  layout_basic_swamp, evilmike_swamp_ruin_house_6
Swamp:3:  layout_basic_swamp, evilmike_swamp_ruin_house_5, uniq_aizul,
          uniq_bai_suzhen
Swamp:4:  byrel_swamp_growth_death_and_undeath, layout_basic_swamp, swamp_pool2,
          uniq_donald, uniq_nikola
Spider:1: layout_cave_pods, nicolae_spider_webbed_stairs
Spider:2: layout_spider_delve, nicolae_spider_undead_wolf_pack
Spider:3: nicolae_spider_brood_tunnel, nicolae_spider_twisty_arc_passages
Spider:4: guppyfry_spider_rune, nicolae_spider_wall_of_niches, uniq_roxanne
Orc:1:    layout_diamond_mine, ebering_ghost_inner_flame, elf_legates
Orc:2:    st_orc_ogre_mass, layout_diamond_mine, basic_altar
Elf:1:    eino_elf_arrival_the_gate, layout_loops_corners,
          gammafunk_ghost_tricky_traps, evilmike_minifort,
          minmay_strange_pillars, minmay_shoptagon
Elf:2:    elven_hall_of_blades_hangedman_alternative
          [nicolae_blade_entry_hurt_lockers], layout_geoelf_octagon,
          serial_shops, nicolae_shop_peninsula, lemuel_statue_altar
Elf:3:    minmay_elf_hall_spiked, layout_geoelf_castle, serial_shops, shop,
          basic_altar, st_stairs_12
Vaults:1: v_rooms_4, vaults_room_boxed, grunt_vaults_swirl, v_misc_33,
          nicolae_vaults_spaceships, st_hourglassy, hangedman_vaults_slice,
          nicolae_vaults_prndl, hangedman_vaults_impose,
          ontoclasm_vaults_misaligned, nicolae_vaults_tetromino_Z_1,
          layout_vaults_chaotic_city, enter_trove_5
Vaults:2: vaults_room_door_hall, nicolae_vaults_frosty_reception,
          nicolae_vaults_turnstiles, vaults_dpeg_encased_lava,
          nicolae_vaults_heist, nicolae_vaults_trapezoid_1,
          layout_vaults_quadrants, serial_shops, nicolae_shop_window_shopping,
          serial_glass
Vaults:3: v_alt_pattern_1, hangedman_vaults_stream, dpeg_vaults_monster_row,
          v_alt_pattern_4, v_alt_pattern_1, nicolae_vaults_big_ls, st_lines,
          ontoclasm_vaults_shuriken, layout_vaults_omnibox,
          minmay_crypt_entry_nasty_monster, uniq_margery
Vaults:4: nicolae_vaults_wrenched, nicolae_vaults_more_shelving_2,
          nicolae_vaults_network_square, nicolae_vaults_arrows, st_lattice,
          v_misc_25, v_misc_4, nicolae_vaults_apartment_2,
          nicolae_vaults_heart-shaped_vault, vaults_dpeg_ring,
          nicolae_vaults_tangram_2, layout_vaults_maze_snakey
Vaults:5
Abyss:4:  base: Lair:3, evilmike_abyss_exit_17, nicolae_abyss_rune_star_stuff,
          evilmike_abyss_exit_vortex, guppyfry_abyss_exit_glass_guarded,
          nicolae_abyss_rune_star_stuff

Skill      XL: |  1  2  3  4  5  6  7  8  9 10 11 12 13 14 15 16 17 18 19 20 21 22 23 |
---------------+----------------------------------------------------------------------+-----
Dodging        | 11 12 13 14 15 16 17 18 | 18.9
Short Blades   | 1 2 3 4 5 6 7 8 9 10 11 12 13 14 15 16 | 16.3
Long Blades    | 1 2 3 4 5 6 7 8 9 10 11 12 13 14 15 16 | 16.3
Axes           | 1 2 3 4 5 6 7 8 9 10 11 12 13 14 15 16 | 16.3
Maces & Flails | 1 2 3 4 5 6 7 8 9 10 11 12 13 14 15 16 | 16.3
Polearms       | 1 2 3 4 5 6 7 8 9 10 11 12 13 14 15 16 | 16.3
Ranged Weapons | 1 2 3 5 6 8 9 11 12 13 14 16 17 18 19 20 21 22 | 22.2
Throwing       | 1 2 3 4 5 6 7 8 9 10 11 12 13 14 15 16 | 16.3
Armour         | 1 2 3 4 5 6 7 8 9 10 11 12 13 14 15 16 | 16.3
Stealth        | 1 2 3 4 5 6 7 8 9 10 11 12 13 14 15 16 | 16.3
Shields        | 1 2 3 4 5 6 7 8 9 10 11 12 13 14 15 16 | 16.3
Unarmed Combat | 1 2 3 4 5 6 7 8 9 10 11 12 13 14 15 16 | 16.3
Spellcasting   | 1 2 3 4 5 6 7 8 9 10 11 12 13 14 15 16 | 16.3
Conjurations   | 1 2 3 4 5 6 7 8 9 10 11 12 13 | 13.9
Hexes          | 1 2 3 4 5 6 7 8 9 10 11 12 13 | 13.9
Summonings     | 1 2 3 4 5 6 7 8 9 10 11 12 13 | 13.9
Necromancy     | 1 2 3 4 5 6 7 8 9 10 11 12 13 | 13.9
Translocations | 1 2 3 4 5 6 7 8 9 10 11 12 13 | 13.9
Transmutations | 1 2 3 4 5 6 7 8 9 10 11 12 13 | 13.9
Fire Magic     | 1 2 3 4 5 6 7 8 9 10 11 12 13 | 13.9
Ice Magic      | 1 2 3 4 5 6 7 8 9 10 11 12 13 | 13.9
Air Magic      | 1 2 3 4 5 6 7 8 9 10 11 12 13 | 13.9
Earth Magic    | 1 2 3 4 5 6 7 8 9 10 11 12 13 | 13.9
Poison Magic   | 1 2 3 4 5 6 7 8 9 10 11 12 13 | 13.9
Invocations    | 3 4 5 6 7 8 9 10 11 12 13 14 15 16 17 | 17.8
Fighting       | 3 4 5 6 7 8 9 10 11 12 13 14 15 16 | 16.5
Evocations     | 3 4 5 6 7 8 9 10 11 12 13 14 15 16 | 16.5
Staves         | 5 6 7 8 9 10 11 12 13 14 15 16 | 16.9

Action                     |  1- 3 |  4- 6 |  7- 9 | 10-12 | 13-15 | 16-18 | 19-21 | 22-24 || total
---------------------------+-------+-------+-------+-------+-------+-------+-------+-------++-------
  Melee: Quarterstaff      |    97 |    85 |   111 |       |       |       |       |       ||   293
         Bite              |     5 |     8 |    15 |    55 |   129 |   203 |   308 |   222 ||   945
         Morningstar       |       |       |    62 |   473 |   913 |  1062 |  1547 |  1000 ||  5057
         Punch             |       |       |     2 |       |       |       |       |       ||     2
         Scimitar          |       |       |       |       |       |       |       |    12 ||    12
  Throw: Dart              |     7 |     3 |     9 |    12 |     3 |       |       |       ||    34
   Cast: Foxfire           |       |    18 |    83 |   102 |   227 |    66 |    18 |    35 ||   549
         Sticky Flame      |       |       |       |    11 |   121 |   184 |   241 |   104 ||   661
         Fireball          |       |       |       |     2 |    29 |    32 |     7 |    23 ||    93
         Freezing Cloud    |       |       |       |       |     9 |    78 |     9 |    22 ||   118
         Leda's Unmaking   |       |       |       |       |       |    45 |     8 |     8 ||    61
         Mephitic Cloud    |       |       |       |       |       |    25 |    37 |    34 ||    96
         Airstrike         |       |       |       |       |       |     9 |    24 |    28 ||    61
         Iskenderun's Batt |       |       |       |       |       |     6 |     5 |     2 ||    13
         Alistair's Intoxi |       |       |       |       |       |       |       |     1 ||     1
  Evoke: Wand              |       |       |    10 |     9 |     5 |       |       |       ||    24
         Box of beasts     |       |       |       |       |       |       |     1 |       ||     1
    Use: Scroll            |       |     1 |    11 |     6 |     5 |    15 |     8 |    10 ||    56
         Potion            |       |       |     7 |     3 |     4 |     8 |     5 |     4 ||    31
   Stab: Sleeping          |       |     3 |       |     2 |    19 |    28 |    30 |    10 ||    92
         Distracted        |       |       |       |       |     5 |     2 |     4 |     4 ||    15
         Petrified         |       |       |       |       |       |     5 |       |       ||     5
         Confused          |       |       |       |       |       |     6 |    29 |    33 ||    68
 Armour: Leather armour    |    28 |    37 |    43 |    27 |       |       |       |       ||   135
         Steam dragon scal |       |       |       |   107 |   215 |   407 |     3 |       ||   732
         Swamp dragon scal |       |       |       |       |       |       |   366 |   458 ||   824
  Dodge: Dodged            |    79 |   101 |   187 |   482 |   776 |   932 |   905 |   811 ||  4273
  Block: Buckler           |       |       |       |   166 |   358 |    14 |       |       ||   538
         Kite shield       |       |       |       |       |       |  1030 |  1096 |   903 ||  3029

Table legend: (Time is in decaauts)
 A = Elapsed time spent in this place.
 B = Non-inter-level travel time spent in this place.
 C = Inter-level travel time spent in this place.
 D = Time resting spent in this place.
 E = Time spent auto-exploring this place.
 F = Levels seen in this place.
 G = Mean time per level.
                   A        B        C        D        E       F      G
               +--------+--------+--------+--------+--------+-----+--------+
         Total |  64022 |  57779 |   6243 |   7711 |  32883 |  47 | 1362.2 |
       Dungeon |  22274 |  18990 |   3284 |   2226 |  12483 |  15 | 1484.9 |
        Temple |     38 |     26 |     12 |      0 |     10 |   1 |   38.0 |
          Lair |   8719 |   7610 |   1109 |   1278 |   4575 |   5 | 1743.8 |
         Swamp |   4696 |   4411 |    285 |    468 |   2437 |   4 | 1174.0 |
   Spider Nest |   6846 |   6628 |    218 |    951 |   3410 |   4 | 1711.5 |
  Orcish Mines |   3427 |   3184 |    243 |    856 |   1310 |   2 | 1713.5 |
   Elven Halls |   5209 |   4829 |    380 |    396 |   2796 |   3 | 1736.3 |
        Vaults |   8868 |   8159 |    709 |    533 |   4714 |   5 | 1773.6 |
         Abyss |   1233 |   1233 |      0 |    111 |    318 |   5 |  246.6 |
         Trove |    123 |    123 |      0 |      0 |     29 |   1 |  123.0 |
        Bailey |    591 |    591 |      0 |     97 |    250 |   1 |  591.0 |
      Ice Cave |   1992 |   1992 |      0 |    793 |    550 |   1 | 1992.0 |
               +--------+--------+--------+--------+--------+-----+--------+

Top non-repeatable levels by time:
    D:13: 3195 daAuts
  Lair:5: 2968 daAuts
Vaults:1: 2572 daAuts
Vaults:4: 2450 daAuts
    D:10: 2313 daAuts
Spider:4: 2310 daAuts
     D:8: 2288 daAuts
   Elf:2: 2125 daAuts
   Orc:2: 2082 daAuts
Spider:3: 2023 daAuts
     D:9: 2009 daAuts
   IceCv: 1992 daAuts
Vaults:2: 1935 daAuts
Vaults:3: 1900 daAuts
   Elf:3: 1722 daAuts
